 Dungeon Crawl Stone Soup version 0.27-a0-223-ge082b6e869 (webtiles) character file.

Game seed: 11816779946168239521

307 KristoblXynda the Slasher (level 6, 0/51 HPs)
             Began as a Draconian Fighter on Feb 1, 2021.
             Was an Initiate of Cheibriados.
             Slain by an ice beast (13 damage)
             ... on level 5 of the Dungeon.
             The game lasted 00:05:31 (4679 turns).

KristoblXynda the Slasher (Draconian Fighter)       Turns: 4679, Time: 00:05:32

Health: 0/51       AC:  7    Str: 19    XL:     6   Next: 16%
Magic:  6/6        EV: 11    Int: 11    God:    Cheibriados [......]
Gold:   225        SH:  9    Dex: 12    Spells: 5/5 levels left

rFire    + . .     SeeInvis .   a - +0 long sword
rCold    . . .     Faith    .   b - +0 kite shield
rNeg     . . .     Spirit   .   (armour unavailable)
rPois    .         Reflect  .   (helmet restricted)
rElec    .         Harm     .   j - +0 cloak
rCorr    .         Rampage  .   (no gloves)
Will     .....                  (no boots)
Stlth    +.........             (no amulet)
HPRegen  0.17/turn              d - ring of protection from fire
MPRegen  0.10/turn              (no ring)

@: very slow
A: unfitting armour, cold-blooded, AC +6
a: Renounce Religion, Bend Time


You were on level 5 of the Dungeon.
You worshipped Cheibriados.
Cheibriados was noncommittal.
You visited 2 branches of the dungeon, and saw 6 of its levels.

You collected 225 gold pieces.

Inventory:

Hand Weapons
 a - a +0 long sword (weapon)
Armour
 b - a +0 kite shield (worn)
 j - a +0 cloak (worn)
Jewellery
 d - a ring of protection from fire (left hand)
Scrolls
 e - 2 scrolls of identify {unknown}
 g - a scroll of enchant weapon {unknown}
 h - 5 scrolls of teleportation {unknown}
 k - 2 scrolls of blinking {unknown}
 m - a scroll of amnesia {unknown}
 o - a scroll of remove curse {unknown}
 p - a scroll of enchant armour {unknown}
 q - a scroll of magic mapping {unknown}
 r - a scroll of random uselessness {unknown}
 s - a scroll of immolation {unknown}
Potions
 c - a potion of might
 f - a potion of ambrosia {unknown}
 i - a potion of heal wounds
 l - 3 potions of curing {unknown}
 n - 2 potions of attraction {unknown}
 t - 2 potions of lignification {unknown}


   Skills:
 - Level 3.3 Fighting
 * Level 4.7 Long Blades
 + Level 3.9 Dodging
 + Level 4.3 Shields


You had 5 spell levels left.
You didn't know any spells.
Your spell library was empty.

Dungeon Overview and Level Annotations

Branches:
Dungeon (5/15)             Temple (1/1) D:5

Altars:
Ashenzari
Cheibriados
Dithmenos
Elyvilon
Gozag
Hepliaklqana
Kikubaaqudgha
Makhleb
Nemelex Xobeh
Okawaru
Ru
Sif Muna
Trog
Uskayaw
Vehumet
Wu Jian
Xom
Yredelemnul
Zin
The Shining One


Innate Abilities, Weirdness & Mutations

Your plain brown scales are hard. (AC +6)
You cannot fit into any form of body armour.
You are cold-blooded and may be slowed by cold attacks.


Message History

The ice beast hits you but does no damage.
You hit the ice beast.
Your tail-slap misses the ice beast.
The ice beast is almost dead.
You block the ice beast's attack. The ice beast hits you.
The ice beast freezes you.
You feel yourself slow down.
* * * LOW HITPOINT WARNING * * *
Unknown command.
You hit the ice beast.
You tail-slap the ice beast, but do no damage.
The ice beast is almost dead.
You feel yourself speed up. You block the ice beast's attack.
The ice beast hits you but does no damage.
You barely miss the ice beast.
You tail-slap the ice beast, but do no damage.
The ice beast is almost dead.
The ice beast hits you.
* * * LOW HITPOINT WARNING * * *
The ice beast freezes you!
You die...

######..#.# .....#..#.#
..#.#..#.# # #.#.#..#$#..
.. #.#.#....#..
#.####+.......#..########
#.......#...#.#.........###
#........#.#..#.>..........
##.......Y@...#+#.##.##.#..
###+##..#.#..........#.#.#
#.....#...#...........#..
#...................#####
#........#.......)......#
##+#####.#...............
#.#####'####............
#.......................
#..................###..


You could see an ice beast.

Vanquished Creatures
  A phantom (D:4)
  A bullfrog skeleton (D:5)
  Terence (D:2)
  A hound skeleton (D:3)
  3 gnolls (D:4)
  6 adders
  A white imp (D:5)
  4 worms
  A dart slug (D:1)
  3 leopard geckos
  5 orcs
  5 giant cockroaches
  4 goblins
  6 hobgoblins
  9 kobolds
  2 quokkas
  4 bats
  3 frilled lizards
  A quokka skeleton (D:4)
  6 rats
67 creatures vanquished.

Notes
Turn   | Place    | Note
-------+----------+-------------------------------------------
     0 | D:1      | KristoblXynda the Draconian Fighter began the quest for the
                  | Orb.
     0 | D:1      | Reached XP level 1. HP: 19/19 MP: 1/1
   254 | D:1      | Reached XP level 2. HP: 26/26 MP: 2/2
   890 | D:2      | Found a sparkling altar of Nemelex Xobeh.
   903 | D:2      | Reached XP level 3. HP: 24/31 MP: 3/3
  1449 | D:2      | Noticed Terence
  1485 | D:2      | Killed Terence
  1486 | D:2      | Reached XP level 4. HP: 16/38 MP: 4/4
  2021 | D:2      | Found a shadowy altar of Dithmenos.
  2638 | D:3      | Found a shimmering altar of Xom.
  3007 | D:4      | Noticed a phantom
  3030 | D:4      | Killed a phantom
  3031 | D:4      | Reached XP level 5. HP: 13/45 MP: 5/5
  3867 | D:4      | Reached XP level 6. HP: 51/51 MP: 6/6
  4241 | D:5      | Entered Level 5 of the Dungeon
  4457 | D:5      | Found a staircase to the Ecumenical Temple.
  4485 | D:5      | Noticed an ice beast
  4492 | Temple   | Entered the Ecumenical Temple
  4592 | Temple   | Became a worshipper of Cheibriados the Contemplative
  4679 | D:5      | Slain by an ice beast

Illustrated notes

Levels and vault maps discovered:
D:1:      lightli_arrival_flooded_house, layout_loops_ring, serial_rivers,
          chequers_serial_rivers_large_a, chequers_serial_rivers_room_a,
          chequers_serial_rivers_micro_d, chequers_serial_rivers_room_a,
          chequers_serial_rivers_micro_b, fountainhead, skrybe_limestone_x,
          chequers_serial_rivers_small_a
D:2:      layout_basic, old_standard_altar, marbit_many_paths, uniq_terence
D:3:      layout_basic, lemuel_doored_altar, hangedman_decor_clover_reticule
D:4:      layout_loops_ring
D:5:      layout_basic, minmay_temple_entry_crystal_x
Temple:   minmay_temple_bridge_d

Skill      XL: |  1  2  3  4 |
---------------+-------------+-----
Dodging        | 3 |  3.9
Long Blades    | 3 4 |  4.7
Shields        | 4 |  4.3
Fighting       | |  3.3

Action                   |  1- 3 |  4- 6 || total
-------------------------+-------+-------++-------
Melee: Long sword        |   129 |   149 ||   278
       Tailslap          |    21 |    25 ||    46
  Use: Potion            |       |     2 ||     2
 Stab: Sleeping          |     1 |     1 ||     2
Armor: Skin              |    34 |    39 ||    73
Dodge: Dodged            |    69 |    70 ||   139
Block: Kite shield       |    66 |    72 ||   138
       Rpst.: Long sword |    19 |    22 ||    41

Table legend: (Time is in decaauts)
 A = Elapsed time spent in this place.
 B = Non-inter-level travel time spent in this place.
 C = Inter-level travel time spent in this place.
 D = Time resting spent in this place.
 E = Time spent auto-exploring this place.
 F = Levels seen in this place.
 G = Mean time per level.
                   A        B        C        D        E       F      G
               +--------+--------+--------+--------+--------+-----+--------+
         Total |   4852 |   4638 |    214 |   1057 |   2824 |   6 |  808.7 |
       Dungeon |   4659 |   4562 |     97 |   1057 |   2761 |   5 |  931.8 |
        Temple |    192 |     75 |    117 |      0 |     63 |   1 |  192.0 |
               +--------+--------+--------+--------+--------+-----+--------+

Top non-repeatable levels by time:
     D:2: 1507 daAuts
     D:4: 1283 daAuts
     D:1: 948 daAuts
     D:3: 641 daAuts
     D:5: 279 daAuts
  Temple: 192 daAuts
